Capitals vs Flames
Created - 21 avril 2013 at 20:34
Goals
|
| Capitals |
2 |
2 |
0 |
4 |
| Flames |
0 |
3 |
0 |
3 |
|
Shots
|
| Capitals |
11 |
8 |
14 |
33 |
| Flames |
9 |
12 |
8 |
29 |
|
1st period
1. Capitals , Ales Hemsky 6 (Jason Blake, Samuel Pahlsson) at 6:17
2. Capitals , Evgeni Malkin 38 (Brian Rafalski, Milan Michalek) at 7:16
Penalties :
Petr Schastlivy (Cal) for Hooking (Minor) at 17:38, Christian Ehrhoff (Was) for High sticking (Minor) at 17:38
2nd period
3. Capitals , Ales Hemsky 7 (Jason Blake, Samuel Pahlsson) at 5:57
4. Flames , Pavel Bure 27 (Steve Eminger, Petr Schastlivy) at 6:11
5. Flames , Alexander Semin 33 (David Backes, Michal Handzus) at 8:18
6. Capitals , Patrick Kane 36 (Alex Tanguay, Peter Regin) at 10:01
7. Flames , Alexander Semin 34 (Derek Meech) at 19:40
Penalties :
Mark Bell (Cal) for Boarding (Minor) at 3:23, Steve Sullivan (Cal) for Holding (Minor) at 14:40
3rd period
No Goal
Penalties :
Peter Regin (Was) for Holding (Minor) at 1:30, Jordin Tootoo (Cal) for Boarding (Minor) at 3:33, Jason Blake (Was) for Tripping (Minor) at 12:53
Goalie Stats
Marty Turco (Was), 26 saves from 29 shots - (0,897), W, 38-18-1, 60:00 minutes
Craig Anderson (Cal), 29 saves from 33 shots - (0,879), L, 14-12-2, 59:19 minutes
Players Stats for Capitals
Player Name G A P +/- PIM S H SB GA TA FO MP PP MP PK MP
------------------------------------------------------------------------------------
Ales Hemsky 2 0 2 1 0 4 1 0 1 0 0/0 13:05 0:00 0:00
Alex Tanguay 0 1 1 1 0 2 2 0 0 0 0/0 19:09 2:47 1:24
Alexei Semenov 0 0 0 0 0 0 1 0 0 0 0/0 4:54 0:00 0:00
Anton Volchenkov 0 0 0 0 0 0 0 0 0 0 0/0 10:12 0:00 0:00
Brian Rafalski 0 1 1 2 0 2 1 4 1 0 0/0 26:43 3:20 1:59
Christian Ehrhoff 0 0 0 -1 2 0 1 1 0 1 0/0 18:32 2:37 1:59
Corey Perry 0 0 0 -1 0 2 3 0 0 0 0/2 20:20 3:07 0:37
Dennis Wideman 0 0 0 -1 0 2 0 0 1 0 0/0 19:25 2:37 1:59
Evgeni Malkin 1 0 1 -1 0 6 6 1 0 0 15/32 26:33 3:00 2:26
Jason Blake 0 2 2 1 2 1 2 2 0 0 1/1 15:49 0:13 0:08
Jeff Finger 0 0 0 0 0 0 1 0 0 0 0/0 4:54 0:00 0:00
Milan Michalek 0 1 1 -1 0 5 1 0 0 1 0/1 25:29 3:00 2:26
Nicklas Backstrom 0 0 0 0 0 0 0 0 0 0 1/3 5:31 0:00 0:55
Patrick Kane 1 0 1 1 0 1 1 0 0 0 0/1 16:45 2:47 0:00
Peter Regin 0 1 1 1 2 4 0 1 1 0 10/16 16:48 2:47 0:00
Samuel Pahlsson 0 2 2 1 0 2 0 1 0 1 7/8 14:10 0:10 0:00
Sergei Gonchar 0 0 0 2 0 2 2 2 1 0 0/0 26:43 3:20 1:59
Toni Lydman 0 0 0 0 0 0 1 0 0 0 0/0 8:58 0:00 0:00
Players Stats for Flames
Player Name G A P +/- PIM S H SB GA TA FO MP PP MP PK MP
------------------------------------------------------------------------------------
Alexander Semin 2 0 2 2 0 3 0 0 0 0 0/1 18:34 2:09 1:54
Brett Lebda 0 0 0 0 0 0 2 0 0 1 0/0 23:12 2:14 3:03
David Backes 0 1 1 2 0 3 1 0 0 0 0/1 14:58 1:41 0:00
Derek Meech 0 1 1 1 0 0 1 0 0 0 0/0 13:47 0:00 3:01
Eric Staal 0 0 0 -2 0 5 2 0 0 1 15/27 22:06 2:09 2:03
Erik Johnson 0 0 0 1 0 0 0 1 0 0 0/0 13:00 2:14 0:00
Jordin Tootoo 0 0 0 0 2 0 0 0 0 0 0/0 11:50 0:08 1:15
Marcel Goc 0 0 0 -1 0 0 1 0 1 0 2/5 8:02 0:08 0:05
Mark Bell 0 0 0 -1 2 1 0 0 0 0 0/0 8:02 0:08 0:05
Michal Handzus 0 1 1 2 0 1 2 0 0 0 9/17 16:38 0:00 3:16
Owen Nolan 0 0 0 -1 0 0 0 0 0 0 0/1 7:39 0:00 0:00
Pavel Bure 1 0 1 -2 0 6 1 0 1 1 1/3 20:02 2:09 0:00
Petr Schastlivy 0 1 1 -2 2 1 2 0 0 0 1/2 19:00 0:00 3:16
Rob Blake 0 0 0 0 0 2 2 2 0 0 0/0 19:10 1:44 0:02
Steve Eminger 0 1 1 -2 0 1 2 1 0 0 0/0 25:46 0:00 2:54
Steve Sullivan 0 0 0 0 2 2 0 1 0 0 0/0 12:49 1:41 0:00
Steven Reinprecht 0 0 0 0 0 1 1 1 1 1 2/7 12:20 1:41 0:00
Tomas Kaberle 0 0 0 -2 0 3 0 1 0 1 0/0 25:05 1:44 2:54
3 Stars
1 - Alexander Semin (Cal)
2 - Ales Hemsky (Was)
3 - Evgeni Malkin (Was)
Power Play
Capitals - 0 on 3 Attempt(s) - 0,00%
Flames - 0 on 2 Attempt(s) - 0,00%
Penalty Kill
Capitals - 2 on 2 Attempt(s) - 100,00%
- Score 0 goal in Penalty Kill
Flames - 3 on 3 Attempt(s) - 100,00%
- Score 0 goal in Penalty Kill
Official
Referees : Kozari Steve and Furlatt Eric
Linesman : Scott Driscoll and Dan Schachte
Game Notes
No Game Note
Finance
Level 1 -- Attendance: 4037 (67,28%) -- Ticket Income 391 589 $
Level 2 -- Attendance: 3545 (70,90%) -- Ticket Income 205 610 $
Level 3 -- Attendance: 1275 (63,75%) -- Ticket Income 44 625 $
Level 4 -- Attendance: 2799 (69,98%) -- Ticket Income 58 779 $
Luxury Box -- Attendance: 714 (71,40%) -- Ticket Income 140 658 $
Game was played at the Metal Center
Total Attendance: 12370 (68,72%)
Total Ticket Income: 841 261 $
Other Income: 42 063 $
Total Income: 883 324 $
Capitals
5 vs 5 Forward
Center Left Wing Right Wing Time % Phy DF OF
1 Evgeni Malkin Milan Michalek Corey Perry 40 1 2 2
2 Peter Regin Alex Tanguay Patrick Kane 30 1 2 2
3 Samuel Pahlsson Jason Blake Ales Hemsky 20 1 2 2
4 Nicklas Backstrom Evgeni Malkin Milan Michalek 10 1 2 2
5 vs 5 Defense
Defense Defense Time % Phy DF OF
1 Sergei Gonchar Brian Rafalski 40 1 2 2
2 Christian Ehrhoff Dennis Wideman 30 1 2 2
3 Anton Volchenkov Toni Lydman 20 1 2 2
4 Alexei Semenov Jeff Finger 10 1 2 2
PowerPlay Forward
Center Left Wing Right Wing Time % Phy DF OF
1 Evgeni Malkin Milan Michalek Corey Perry 60 1 2 2
2 Peter Regin Alex Tanguay Patrick Kane 40 1 2 2
PowerPlay Defense
Defense Defense Time % Phy DF OF
1 Sergei Gonchar Brian Rafalski 60 1 2 2
2 Christian Ehrhoff Dennis Wideman 40 1 2 2
Penalty Kill 4 Players Forward
Center Wing Time % Phy DF OF
1 Evgeni Malkin Milan Michalek 60 1 2 2
2 Corey Perry Alex Tanguay 40 1 2 2
Penalty Kill 4 Players Defense
Defense Defense Time % Phy DF OF
1 Sergei Gonchar Brian Rafalski 60 1 2 2
2 Christian Ehrhoff Dennis Wideman 40 1 2 2
Penalty Kill - 3 Players Forward
Forward Time % Phy DF OF
1 Evgeni Malkin 60 1 2 2
2 Milan Michalek 40 1 2 2
Penalty Kill - 3 Players Defense
Defense Defense Time % Phy DF OF
1 Sergei Gonchar Brian Rafalski 60 1 2 2
2 Christian Ehrhoff Dennis Wideman 40 1 2 2
4 vs 4 Forward
Center Wing Time % Phy DF OF
1 Evgeni Malkin Milan Michalek 60 1 2 2
2 Corey Perry Alex Tanguay 40 1 2 2
4 vs 4 Defense
Defense Defense Time % Phy DF OF
1 Sergei Gonchar Brian Rafalski 60 1 2 2
2 Christian Ehrhoff Dennis Wideman 40 1 2 2
Last Minutes Offensive
Center Left Wing Right Wing Defense Defense
Evgeni Malkin Milan Michalek Corey Perry Sergei Gonchar Brian Rafalski
Last Minutes Defensive
Center Left Wing Right Wing Defense Defense
Evgeni Malkin Milan Michalek Corey Perry Sergei Gonchar Brian Rafalski
Goaltenders
Starting : Marty Turco
Backup : Ty Conklin
Extra Forwards
Normal : Jason Blake, Samuel Pahlsson, Nicklas Backstrom - PP : Jason Blake, Samuel Pahlsson - PK : Nicklas Backstrom
Extra Defensemen
Normal : Anton Volchenkov, Toni Lydman, Alexei Semenov - PP : Anton Volchenkov - PK : Toni Lydman, Alexei Semenov
Penalty Shots
Evgeni Malkin, Milan Michalek, Corey Perry, Alex Tanguay, Patrick Kane
Flames
5 vs 5 Forward
Center Left Wing Right Wing Time % Phy DF OF
1 Eric Staal Petr Schastlivy Pavel Bure 40 1 2 2
2 Michal Handzus Alexander Semin David Backes 30 1 2 2
3 Steven Reinprecht Steve Sullivan Jordin Tootoo 20 1 2 2
4 Marcel Goc Mark Bell Owen Nolan 10 1 2 2
5 vs 5 Defense
Defense Defense Time % Phy DF OF
1 Tomas Kaberle Steve Eminger 40 1 2 2
2 Brett Lebda Rob Blake 30 1 2 2
3 Derek Meech Erik Johnson 20 1 2 2
4 Brett Lebda Steve Eminger 10 1 2 2
PowerPlay Forward
Center Left Wing Right Wing Time % Phy DF OF
1 Eric Staal Alexander Semin Pavel Bure 60 1 1 3
2 Steven Reinprecht Steve Sullivan David Backes 40 1 1 3
PowerPlay Defense
Defense Defense Time % Phy DF OF
1 Tomas Kaberle Rob Blake 60 1 2 2
2 Brett Lebda Erik Johnson 40 1 2 2
Penalty Kill 4 Players Forward
Center Wing Time % Phy DF OF
1 Michal Handzus Petr Schastlivy 60 1 3 1
2 Eric Staal Jordin Tootoo 40 1 3 1
Penalty Kill 4 Players Defense
Defense Defense Time % Phy DF OF
1 Tomas Kaberle Steve Eminger 60 1 3 1
2 Brett Lebda Derek Meech 40 1 3 1
Penalty Kill - 3 Players Forward
Forward Time % Phy DF OF
1 Michal Handzus 60 1 3 1
2 Eric Staal 40 1 3 1
Penalty Kill - 3 Players Defense
Defense Defense Time % Phy DF OF
1 Tomas Kaberle Steve Eminger 60 1 3 1
2 Brett Lebda Derek Meech 40 1 3 1
4 vs 4 Forward
Center Wing Time % Phy DF OF
1 Eric Staal Pavel Bure 60 1 2 2
2 Michal Handzus Alexander Semin 40 1 2 2
4 vs 4 Defense
Defense Defense Time % Phy DF OF
1 Tomas Kaberle Steve Eminger 60 1 2 2
2 Brett Lebda Rob Blake 40 1 2 2
Last Minutes Offensive
Center Left Wing Right Wing Defense Defense
Eric Staal Alexander Semin Pavel Bure Tomas Kaberle Steve Eminger
Last Minutes Defensive
Center Left Wing Right Wing Defense Defense
Eric Staal Petr Schastlivy Pavel Bure Tomas Kaberle Steve Eminger
Goaltenders
Starting : Craig Anderson
Backup : Pekka Rinne
Extra Forwards
Normal : David Backes, Petr Schastlivy, Steve Sullivan - PP : David Backes, Steve Sullivan - PK : Jordin Tootoo
Extra Defensemen
Normal : Rob Blake, Brett Lebda, Derek Meech - PP : Erik Johnson - PK : Rob Blake, Derek Meech
Penalty Shots
Eric Staal, Pavel Bure, Alexander Semin, Steve Sullivan, David Backes
% Time on Ice - Capitals
Lines # - Real PCT - Wanted PCT - Time Play
Normal Forward
1 - 32% - 40% - 14:51
2 - 31% - 30% - 14:38
3 - 28% - 20% - 13:05
4 - 9% - 10% - 4:17
Normal Defense
1 - 43% - 40% - 19:57
2 - 30% - 30% - 13:57
3 - 19% - 20% - 8:58
4 - 9% - 10% - 3:59
PP Forward
1 - 53% - 60% - 3:10
2 - 47% - 40% - 2:47
PP Defense
1 - 56% - 60% - 3:20
2 - 44% - 40% - 2:37
PK Forward
1 - 84% - 60% - 3:21
2 - 16% - 40% - 0:37
PK Defense
1 - 50% - 60% - 1:59
2 - 50% - 40% - 1:59
PK3 Forward
1 - 0% - 60%
2 - 0% - 40%
PK3 Defense
1 - 0% - 60%
2 - 0% - 40%
44 Forward
1 - 71% - 60% - 1:25
2 - 29% - 40% - 0:34
44 Defense
1 - 56% - 60% - 1:07
2 - 44% - 40% - 0:52
Last Minute Offensive - 0:00
Last Minute Defensive - 1:15
Total
Forward - 60:00
Defense - 60:00
|
% Time on Ice - Flames
Lines # - Real PCT - Wanted PCT - Time Play
Normal Forward
1 - 34% - 40% - 15:52
2 - 28% - 30% - 13:11
3 - 22% - 20% - 10:17
4 - 16% - 10% - 7:39
Normal Defense
1 - 41% - 40% - 19:09
2 - 33% - 30% - 15:34
3 - 22% - 20% - 10:26
4 - 4% - 10% - 1:50
PP Forward
1 - 58% - 60% - 2:17
2 - 42% - 40% - 1:41
PP Defense
1 - 44% - 60% - 1:44
2 - 56% - 40% - 2:14
PK Forward
1 - 79% - 60% - 4:43
2 - 21% - 40% - 1:14
PK Defense
1 - 49% - 60% - 2:56
2 - 51% - 40% - 3:01
PK3 Forward
1 - 0% - 60%
2 - 0% - 40%
PK3 Defense
1 - 0% - 60%
2 - 0% - 40%
44 Forward
1 - 72% - 60% - 1:26
2 - 28% - 40% - 0:33
44 Defense
1 - 83% - 60% - 1:39
2 - 17% - 40% - 0:20
Last Minute Offensive - 1:07
Last Minute Defensive - 0:00
Total
Forward - 60:00
Defense - 60:00
|
Play by Play
1st period
0:01 of 1st period - Eric Staal wins face-off versus Evgeni Malkin in neutral zone.
0:06 of 1st period - Evgeni Malkin is hit by Steve Eminger and loses puck.
0:27 of 1st period - Tomas Kaberle is hit by Sergei Gonchar and loses puck.
2:07 of 1st period - Derek Meech is hit by Evgeni Malkin and loses puck.
2:50 of 1st period - Snap shot by David Backes.
2:50 of 1st period - Stopped by Marty Turco with a rebound.
2:52 of 1st period - Slapshot by Michal Handzus.
2:52 of 1st period - Shot Misses the Net.
2:54 of 1st period - Snap shot by Michal Handzus.
2:54 of 1st period - Shot Blocked by Brian Rafalski.
4:05 of 1st period - Steve Eminger is hit by Jeff Finger and loses puck.
4:39 of 1st period - Mark Bell is hit by Evgeni Malkin and loses puck.
5:24 of 1st period - Icing by Ales Hemsky.
5:25 of 1st period - Samuel Pahlsson wins face-off versus Michal Handzus in Capitals zone.
5:30 of 1st period - Alexander Semin is hit by Corey Perry and loses puck.
5:37 of 1st period - Evgeni Malkin is hit by Brett Lebda and loses puck.
6:11 of 1st period - Slapshot by Jason Blake.
6:11 of 1st period - Stopped by Craig Anderson with a rebound.
6:13 of 1st period - Slapshot by Sergei Gonchar.
6:13 of 1st period - Stopped by Craig Anderson without a rebound.
6:14 of 1st period - Samuel Pahlsson wins face-off versus Eric Staal in Flames zone.
6:15 of 1st period - Wrist shot by Jason Blake.
6:15 of 1st period - Shot Misses the Net.
6:17 of 1st period - Snap shot by Ales Hemsky.
6:17 of 1st period - Goal by Ales Hemsky - Capitals : 1 - Flames : 0.
6:18 of 1st period - Eric Staal wins face-off versus Evgeni Malkin in neutral zone.
6:21 of 1st period - Snap shot by Pavel Bure.
6:21 of 1st period - Shot Misses the Net.
6:23 of 1st period - Snap shot by Petr Schastlivy.
6:23 of 1st period - Stopped by Marty Turco with a rebound.
6:25 of 1st period - Backhand shot by Pavel Bure.
6:25 of 1st period - Stopped by Marty Turco without a rebound.
6:26 of 1st period - Eric Staal wins face-off versus Evgeni Malkin in Capitals zone.
6:33 of 1st period - Slapshot by Pavel Bure.
6:33 of 1st period - Shot Blocked by Sergei Gonchar.
6:52 of 1st period - Icing by Michal Handzus.
6:53 of 1st period - Peter Regin wins face-off versus Michal Handzus in Flames zone.
7:06 of 1st period - Wrist shot by Alex Tanguay.
7:06 of 1st period - Stopped by Craig Anderson without a rebound.
7:07 of 1st period - Evgeni Malkin wins face-off versus Pavel Bure in Flames zone.
7:08 of 1st period - Snap shot by Milan Michalek.
7:08 of 1st period - Shot Misses the Net.
7:10 of 1st period - Wrist shot by Milan Michalek.
7:10 of 1st period - Stopped by Craig Anderson with a rebound.
7:12 of 1st period - Slapshot by Brian Rafalski.
7:12 of 1st period - Deflect By Pavel Bure.
7:12 of 1st period - Stopped by Craig Anderson with a rebound.
7:14 of 1st period - Snap shot by Evgeni Malkin.
7:14 of 1st period - Stopped by Craig Anderson with a rebound.
7:16 of 1st period - Wrist shot by Evgeni Malkin.
7:16 of 1st period - Goal by Evgeni Malkin - Capitals : 2 - Flames : 0.
7:17 of 1st period - Evgeni Malkin wins face-off versus Pavel Bure in neutral zone.
7:25 of 1st period - Off-side.
7:26 of 1st period - Evgeni Malkin wins face-off versus Eric Staal in neutral zone.
7:29 of 1st period - Eric Staal is hit by Evgeni Malkin.
7:33 of 1st period - Pavel Bure is hit by Milan Michalek and loses puck.
7:50 of 1st period - Wrist shot by Milan Michalek.
7:50 of 1st period - Shot Misses the Net.
8:40 of 1st period - Icing by Petr Schastlivy.
8:41 of 1st period - Pavel Bure wins face-off versus Peter Regin in Flames zone.
9:26 of 1st period - Wrist shot by Eric Staal.
9:26 of 1st period - Deflect By Pavel Bure.
9:26 of 1st period - Stopped by Marty Turco without a rebound.
9:27 of 1st period - Peter Regin wins face-off versus Michal Handzus in Capitals zone.
9:32 of 1st period - Snap shot by Peter Regin.
9:32 of 1st period - Stopped by Craig Anderson with a rebound.
9:34 of 1st period - Slapshot by Toni Lydman.
9:34 of 1st period - Deflect By Peter Regin.
9:34 of 1st period - Stopped by Craig Anderson without a rebound.
9:35 of 1st period - Peter Regin wins face-off versus Michal Handzus in Flames zone.
9:38 of 1st period - Wrist shot by Alex Tanguay.
9:38 of 1st period - Deflect By David Backes.
9:38 of 1st period - Shot Blocked by Rob Blake.
9:38 of 1st period - Puck is out of play.
9:39 of 1st period - Michal Handzus wins face-off versus Nicklas Backstrom in Flames zone.
9:51 of 1st period - Icing by Sergei Gonchar.
9:52 of 1st period - Michal Handzus wins face-off versus Nicklas Backstrom in Capitals zone.
10:07 of 1st period - Rob Blake is hit by Evgeni Malkin and loses puck.
10:30 of 1st period - Wrist shot by Evgeni Malkin.
10:30 of 1st period - Stopped by Craig Anderson without a rebound.
10:31 of 1st period - Marcel Goc wins face-off versus Peter Regin in Flames zone.
12:17 of 1st period - Snap shot by Pavel Bure.
12:17 of 1st period - Shot Blocked by Christian Ehrhoff.
12:38 of 1st period - Slapshot by Steven Reinprecht.
12:38 of 1st period - Shot Misses the Net.
12:40 of 1st period - Snap shot by Steven Reinprecht.
12:40 of 1st period - Stopped by Marty Turco without a rebound.
12:41 of 1st period - Peter Regin wins face-off versus David Backes in Capitals zone.
13:06 of 1st period - Slapshot by Jordin Tootoo.
13:06 of 1st period - Shot Misses the Net.
13:09 of 1st period - Icing by Evgeni Malkin.
13:10 of 1st period - Evgeni Malkin wins face-off versus Steven Reinprecht in Capitals zone.
13:15 of 1st period - Steve Sullivan is hit by Corey Perry and loses puck.
14:00 of 1st period - Wrist shot by Steve Sullivan.
14:00 of 1st period - Stopped by Marty Turco without a rebound.
14:01 of 1st period - Michal Handzus wins face-off versus Peter Regin in Capitals zone.
14:49 of 1st period - Snap shot by Marcel Goc.
14:49 of 1st period - Shot Misses the Net.
15:03 of 1st period - Evgeni Malkin is hit by Michal Handzus and loses puck.
15:41 of 1st period - Anton Volchenkov is hit by Pavel Bure and loses puck.
16:27 of 1st period - Rob Blake is hit by Jason Blake and loses puck.
16:34 of 1st period - Samuel Pahlsson is hit by David Backes and loses puck.
16:59 of 1st period - Snap shot by David Backes.
16:59 of 1st period - Shot Misses the Net.
17:01 of 1st period - Wrist shot by Michal Handzus.
17:01 of 1st period - Shot Misses the Net.
17:03 of 1st period - Slapshot by Rob Blake.
17:03 of 1st period - Shot Blocked by Jason Blake.
17:11 of 1st period - Wrist shot by Michal Handzus.
17:11 of 1st period - Shot Blocked by Sergei Gonchar.
17:15 of 1st period - Wrist shot by David Backes.
17:15 of 1st period - Shot Blocked by Brian Rafalski.
17:17 of 1st period - Wrist shot by Brett Lebda.
17:17 of 1st period - Shot Misses the Net.
17:19 of 1st period - Slapshot by Rob Blake.
17:19 of 1st period - Deflect By Michal Handzus.
17:19 of 1st period - Stopped by Marty Turco without a rebound.
17:20 of 1st period - Eric Staal wins face-off versus Evgeni Malkin in Capitals zone.
17:38 of 1st period - Minor Penalty to Petr Schastlivy for Hooking.
17:38 of 1st period - Minor Penalty to Christian Ehrhoff for High sticking.
17:39 of 1st period - Evgeni Malkin wins face-off versus Eric Staal in neutral zone.
17:54 of 1st period - Snap shot by Pavel Bure.
17:54 of 1st period - Stopped by Marty Turco with a rebound.
18:14 of 1st period - Steve Eminger is hit by Evgeni Malkin.
18:57 of 1st period - Samuel Pahlsson is hit by Brett Lebda and loses puck.
19:18 of 1st period - Slapshot by Alexander Semin.
19:18 of 1st period - Stopped by Marty Turco without a rebound.
19:19 of 1st period - Evgeni Malkin wins face-off versus Michal Handzus in Capitals zone.
19:30 of 1st period - Anton Volchenkov is hit by Eric Staal and loses puck.
19:38 of 1st period - Penalty to Petr Schastlivy is over, Petr Schastlivy is back on ice.
19:38 of 1st period - Penalty to Christian Ehrhoff is over, Christian Ehrhoff is back on ice.
2nd period
0:01 of 2nd period - Eric Staal wins face-off versus Evgeni Malkin in neutral zone.
0:08 of 2nd period - Wrist shot by Pavel Bure.
0:08 of 2nd period - Stopped by Marty Turco with a rebound.
1:49 of 2nd period - Slapshot by Pavel Bure.
1:49 of 2nd period - Shot Misses the Net.
1:51 of 2nd period - Snap shot by Petr Schastlivy.
1:51 of 2nd period - Shot Blocked by Samuel Pahlsson.
1:53 of 2nd period - Snap shot by Eric Staal.
1:53 of 2nd period - Shot Misses the Net.
1:57 of 2nd period - Wrist shot by Petr Schastlivy.
1:57 of 2nd period - Shot Hit the Post.
1:59 of 2nd period - Slapshot by Eric Staal.
1:59 of 2nd period - Deflect By Pavel Bure.
1:59 of 2nd period - Shot Blocked by Jason Blake.
1:59 of 2nd period - Puck is out of play.
2:00 of 2nd period - Peter Regin wins face-off versus Michal Handzus in Capitals zone.
2:10 of 2nd period - Wrist shot by Peter Regin.
2:10 of 2nd period - Stopped by Craig Anderson without a rebound.
2:11 of 2nd period - Evgeni Malkin wins face-off versus Eric Staal in Flames zone.
2:12 of 2nd period - Wrist shot by Milan Michalek.
2:12 of 2nd period - Stopped by Craig Anderson with a rebound.
3:22 of 2nd period - Wrist shot by Mark Bell.
3:22 of 2nd period - Stopped by Marty Turco without a rebound.
3:23 of 2nd period - Evgeni Malkin wins face-off versus Marcel Goc in Capitals zone.
3:23 of 2nd period - Minor Penalty to Mark Bell for Boarding.
3:24 of 2nd period - Michal Handzus wins face-off versus Evgeni Malkin in Flames zone.
3:55 of 2nd period - Patrick Kane is hit by Derek Meech and loses puck.
4:30 of 2nd period - Slapshot by Jordin Tootoo.
4:30 of 2nd period - Shot Misses the Net.
4:52 of 2nd period - Alexander Semin is hit by Christian Ehrhoff and loses puck.
5:03 of 2nd period - Brian Rafalski is hit by Michal Handzus.
5:23 of 2nd period - Penalty to Mark Bell is over, Mark Bell is back on ice.
5:51 of 2nd period - Icing by Marcel Goc.
5:52 of 2nd period - Samuel Pahlsson wins face-off versus Marcel Goc in Flames zone.
5:57 of 2nd period - Wrist shot by Ales Hemsky.
5:57 of 2nd period - Goal by Ales Hemsky - Capitals : 3 - Flames : 0.
5:58 of 2nd period - Eric Staal wins face-off versus Evgeni Malkin in neutral zone.
6:05 of 2nd period - Wrist shot by Petr Schastlivy.
6:05 of 2nd period - Shot Blocked by Brian Rafalski.
6:07 of 2nd period - Wrist shot by Pavel Bure.
6:07 of 2nd period - Shot Misses the Net.
6:09 of 2nd period - Snap shot by Steve Eminger.
6:09 of 2nd period - Shot Blocked by Evgeni Malkin.
6:11 of 2nd period - Backhand shot by Pavel Bure.
6:11 of 2nd period - Goal by Pavel Bure - Capitals : 3 - Flames : 1.
6:12 of 2nd period - Evgeni Malkin wins face-off versus Eric Staal in neutral zone.
6:19 of 2nd period - Snap shot by Corey Perry.
6:19 of 2nd period - Shot Misses the Net.
6:24 of 2nd period - Off-side.
6:25 of 2nd period - Eric Staal wins face-off versus Evgeni Malkin in neutral zone.
6:28 of 2nd period - Slapshot by Tomas Kaberle.
6:28 of 2nd period - Stopped by Marty Turco without a rebound.
6:29 of 2nd period - Evgeni Malkin wins face-off versus Eric Staal in Capitals zone.
6:34 of 2nd period - Pavel Bure is hit by Brian Rafalski and loses puck.
6:43 of 2nd period - Snap shot by Evgeni Malkin.
6:43 of 2nd period - Stopped by Craig Anderson without a rebound.
6:44 of 2nd period - Michal Handzus wins face-off versus Peter Regin in Flames zone.
7:32 of 2nd period - Wrist shot by Steve Sullivan.
7:32 of 2nd period - Shot Misses the Net.
8:08 of 2nd period - Michal Handzus is hit by Evgeni Malkin.
8:18 of 2nd period - Snap shot by Alexander Semin.
8:18 of 2nd period - Goal by Alexander Semin - Capitals : 3 - Flames : 2.
8:19 of 2nd period - Eric Staal wins face-off versus Evgeni Malkin in neutral zone.
8:22 of 2nd period - Slapshot by Rob Blake.
8:22 of 2nd period - Deflect By Eric Staal.
8:22 of 2nd period - Shot Misses the Net.
8:22 of 2nd period - Puck is out of play.
8:23 of 2nd period - Eric Staal wins face-off versus Milan Michalek in Capitals zone.
8:26 of 2nd period - Snap shot by Eric Staal.
8:26 of 2nd period - Stopped by Marty Turco with a rebound.
8:29 of 2nd period - Icing by Evgeni Malkin.
8:30 of 2nd period - Evgeni Malkin wins face-off versus Eric Staal in Capitals zone.
9:31 of 2nd period - Icing by Dennis Wideman.
9:32 of 2nd period - Nicklas Backstrom wins face-off versus Marcel Goc in Capitals zone.
9:45 of 2nd period - Slapshot by Evgeni Malkin.
9:45 of 2nd period - Stopped by Craig Anderson with a rebound.
9:47 of 2nd period - Slapshot by Dennis Wideman.
9:47 of 2nd period - Deflect By Brett Lebda.
9:47 of 2nd period - Stopped by Craig Anderson without a rebound.
9:48 of 2nd period - Peter Regin wins face-off versus Eric Staal in Flames zone.
10:01 of 2nd period - Slapshot by Patrick Kane.
10:01 of 2nd period - Goal by Patrick Kane - Capitals : 4 - Flames : 2.
10:02 of 2nd period - Eric Staal wins face-off versus Evgeni Malkin in neutral zone.
10:15 of 2nd period - Evgeni Malkin is hit by Petr Schastlivy and loses puck.
10:34 of 2nd period - Slapshot by Rob Blake.
10:34 of 2nd period - Shot Blocked by Peter Regin.
10:36 of 2nd period - Slapshot by Rob Blake.
10:36 of 2nd period - Stopped by Marty Turco with a rebound.
10:54 of 2nd period - Steve Eminger is hit by Jason Blake.
11:30 of 2nd period - Erik Johnson is hit by Toni Lydman and loses puck.
12:01 of 2nd period - Off-side.
12:02 of 2nd period - Steven Reinprecht wins face-off versus Evgeni Malkin in neutral zone.
12:09 of 2nd period - Wrist shot by Jordin Tootoo.
12:09 of 2nd period - Shot Misses the Net.
12:27 of 2nd period - Rob Blake is hit by Alex Tanguay and loses puck.
12:37 of 2nd period - Icing by Patrick Kane.
12:38 of 2nd period - Michal Handzus wins face-off versus Peter Regin in Capitals zone.
12:51 of 2nd period - Snap shot by Alexander Semin.
12:51 of 2nd period - Shot Misses the Net.
13:23 of 2nd period - Snap shot by Steven Reinprecht.
13:23 of 2nd period - Shot Misses the Net.
14:09 of 2nd period - Backhand shot by Milan Michalek.
14:09 of 2nd period - Shot Blocked by Erik Johnson.
14:30 of 2nd period - Off-side.
14:31 of 2nd period - Samuel Pahlsson wins face-off versus Steven Reinprecht in neutral zone.
14:40 of 2nd period - Minor Penalty to Steve Sullivan for Holding.
14:41 of 2nd period - Michal Handzus wins face-off versus Evgeni Malkin in Flames zone.
16:40 of 2nd period - Penalty to Steve Sullivan is over, Steve Sullivan is back on ice.
16:52 of 2nd period - Wrist shot by Ales Hemsky.
16:52 of 2nd period - Stopped by Craig Anderson without a rebound.
16:53 of 2nd period - Steven Reinprecht wins face-off versus Samuel Pahlsson in Flames zone.
17:11 of 2nd period - Steven Reinprecht is hit by Ales Hemsky.
17:21 of 2nd period - Wrist shot by Milan Michalek.
17:21 of 2nd period - Shot Misses the Net.
18:14 of 2nd period - Wrist shot by David Backes.
18:14 of 2nd period - Stopped by Marty Turco without a rebound.
18:15 of 2nd period - Michal Handzus wins face-off versus Peter Regin in Capitals zone.
19:20 of 2nd period - Christian Ehrhoff is hit by Marcel Goc and loses puck.
19:27 of 2nd period - Owen Nolan is hit by Patrick Kane and loses puck.
19:40 of 2nd period - Wrist shot by Alexander Semin.
19:40 of 2nd period - Goal by Alexander Semin - Capitals : 4 - Flames : 3.
19:41 of 2nd period - Petr Schastlivy wins face-off versus Corey Perry in neutral zone.
19:44 of 2nd period - Slapshot by Tomas Kaberle.
19:44 of 2nd period - Stopped by Marty Turco with a rebound.
19:46 of 2nd period - Snap shot by Pavel Bure.
19:46 of 2nd period - Shot Misses the Net.
19:48 of 2nd period - Slapshot by Tomas Kaberle.
19:48 of 2nd period - Stopped by Marty Turco with a rebound.
19:50 of 2nd period - Wrist shot by Eric Staal.
19:50 of 2nd period - Stopped by Marty Turco with a rebound.
3rd period
0:01 of 3rd period - Evgeni Malkin wins face-off versus Eric Staal in neutral zone.
0:04 of 3rd period - Snap shot by Corey Perry.
0:04 of 3rd period - Stopped by Craig Anderson with a rebound.
0:06 of 3rd period - Snap shot by Brian Rafalski.
0:06 of 3rd period - Stopped by Craig Anderson with a rebound.
0:08 of 3rd period - Slapshot by Sergei Gonchar.
0:08 of 3rd period - Shot Misses the Net.
0:10 of 3rd period - Wrist shot by Milan Michalek.
0:10 of 3rd period - Stopped by Craig Anderson without a rebound.
0:11 of 3rd period - Eric Staal wins face-off versus Corey Perry in Flames zone.
0:24 of 3rd period - Backhand shot by Evgeni Malkin.
0:24 of 3rd period - Stopped by Craig Anderson with a rebound.
0:26 of 3rd period - Snap shot by Milan Michalek.
0:26 of 3rd period - Deflect By Pavel Bure.
0:26 of 3rd period - Stopped by Craig Anderson with a rebound.
0:56 of 3rd period - Slapshot by Sergei Gonchar.
0:56 of 3rd period - Deflect By Steve Sullivan.
0:56 of 3rd period - Stopped by Craig Anderson with a rebound.
0:58 of 3rd period - Snap shot by Jason Blake.
0:58 of 3rd period - Shot Misses the Net.
1:29 of 3rd period - Icing by Brett Lebda.
1:30 of 3rd period - Marcel Goc wins face-off versus Patrick Kane in Flames zone.
1:30 of 3rd period - Minor Penalty to Peter Regin for Holding.
1:31 of 3rd period - Eric Staal wins face-off versus Evgeni Malkin in Capitals zone.
1:32 of 3rd period - Snap shot by Alexander Semin.
1:32 of 3rd period - Shot Blocked by Brian Rafalski.
1:47 of 3rd period - Snap shot by Alexander Semin.
1:47 of 3rd period - Shot Hit the Post.
3:30 of 3rd period - Penalty to Peter Regin is over, Peter Regin is back on ice.
3:33 of 3rd period - Minor Penalty to Jordin Tootoo for Boarding.
3:34 of 3rd period - Peter Regin wins face-off versus Michal Handzus in Flames zone.
3:45 of 3rd period - Snap shot by Peter Regin.
3:45 of 3rd period - Stopped by Craig Anderson with a rebound.
3:54 of 3rd period - Off-side.
3:55 of 3rd period - Michal Handzus wins face-off versus Evgeni Malkin in neutral zone.
5:33 of 3rd period - Penalty to Jordin Tootoo is over, Jordin Tootoo is back on ice.
5:42 of 3rd period - Slapshot by Steve Eminger.
5:42 of 3rd period - Shot Misses the Net.
6:07 of 3rd period - Owen Nolan is hit by Alexei Semenov and loses puck.
6:31 of 3rd period - Off-side.
6:32 of 3rd period - Samuel Pahlsson wins face-off versus Steven Reinprecht in neutral zone.
6:39 of 3rd period - Slapshot by Dennis Wideman.
6:39 of 3rd period - Stopped by Craig Anderson with a rebound.
6:41 of 3rd period - Wrist shot by Christian Ehrhoff.
6:41 of 3rd period - Shot Misses the Net.
7:46 of 3rd period - Wrist shot by Pavel Bure.
7:46 of 3rd period - Shot Misses the Net.
8:00 of 3rd period - Evgeni Malkin is hit by Steven Reinprecht and loses puck.
8:26 of 3rd period - Snap shot by Evgeni Malkin.
8:26 of 3rd period - Deflect By Milan Michalek.
8:26 of 3rd period - Stopped by Craig Anderson without a rebound.
8:27 of 3rd period - Peter Regin wins face-off versus Michal Handzus in Flames zone.
8:34 of 3rd period - Snap shot by Peter Regin.
8:34 of 3rd period - Deflect By Alexander Semin.
8:34 of 3rd period - Shot Misses the Net.
8:34 of 3rd period - Puck is out of play.
8:35 of 3rd period - Peter Regin wins face-off versus Eric Staal in Flames zone.
9:00 of 3rd period - Ales Hemsky is hit by Rob Blake.
9:04 of 3rd period - Snap shot by David Backes.
9:04 of 3rd period - Stopped by Marty Turco with a rebound.
9:24 of 3rd period - Snap shot by Steve Sullivan.
9:24 of 3rd period - Stopped by Marty Turco without a rebound.
9:25 of 3rd period - Evgeni Malkin wins face-off versus Steven Reinprecht in Capitals zone.
9:30 of 3rd period - Wrist shot by Corey Perry.
9:30 of 3rd period - Stopped by Craig Anderson without a rebound.
9:31 of 3rd period - Eric Staal wins face-off versus Evgeni Malkin in Flames zone.
9:31 of 3rd period - Eric Staal is hit by Sergei Gonchar.
10:23 of 3rd period - Wrist shot by Ales Hemsky.
10:23 of 3rd period - Stopped by Craig Anderson with a rebound.
10:25 of 3rd period - Wrist shot by Samuel Pahlsson.
10:25 of 3rd period - Shot Blocked by Steve Eminger.
10:27 of 3rd period - Slapshot by Samuel Pahlsson.
10:27 of 3rd period - Stopped by Craig Anderson without a rebound.
10:28 of 3rd period - Samuel Pahlsson wins face-off versus Eric Staal in Flames zone.
10:40 of 3rd period - Wrist shot by Eric Staal.
10:40 of 3rd period - Stopped by Marty Turco with a rebound.
10:42 of 3rd period - Slapshot by Pavel Bure.
10:42 of 3rd period - Stopped by Marty Turco with a rebound.
10:44 of 3rd period - Wrist shot by Eric Staal.
10:44 of 3rd period - Stopped by Marty Turco with a rebound.
11:01 of 3rd period - Alexander Semin is hit by Corey Perry and loses puck.
11:24 of 3rd period - Anton Volchenkov is hit by Rob Blake and loses puck.
11:34 of 3rd period - Off-side.
11:35 of 3rd period - Samuel Pahlsson wins face-off versus Steven Reinprecht in neutral zone.
11:40 of 3rd period - Snap shot by Ales Hemsky.
11:40 of 3rd period - Shot Misses the Net.
11:42 of 3rd period - Snap shot by Samuel Pahlsson.
11:42 of 3rd period - Stopped by Craig Anderson without a rebound.
11:43 of 3rd period - Evgeni Malkin wins face-off versus Petr Schastlivy in Flames zone.
12:53 of 3rd period - Minor Penalty to Jason Blake for Tripping.
12:54 of 3rd period - Eric Staal wins face-off versus Evgeni Malkin in Capitals zone.
13:43 of 3rd period - Icing by Brett Lebda.
13:44 of 3rd period - Eric Staal wins face-off versus Evgeni Malkin in Flames zone.
14:33 of 3rd period - Wrist shot by Eric Staal.
14:33 of 3rd period - Shot Misses the Net.
14:51 of 3rd period - Tomas Kaberle is hit by Alex Tanguay and loses puck.
14:53 of 3rd period - Penalty to Jason Blake is over, Jason Blake is back on ice.
15:08 of 3rd period - Wrist shot by Alex Tanguay.
15:08 of 3rd period - Shot Blocked by Steven Reinprecht.
15:10 of 3rd period - Snap shot by Corey Perry.
15:10 of 3rd period - Shot Blocked by Rob Blake.
15:12 of 3rd period - Slapshot by Christian Ehrhoff.
15:12 of 3rd period - Shot Blocked by Steve Sullivan.
15:14 of 3rd period - Snap shot by Alex Tanguay.
15:14 of 3rd period - Deflect By Jason Blake.
15:14 of 3rd period - Shot Blocked by Tomas Kaberle.
15:14 of 3rd period - Puck is out of play.
15:15 of 3rd period - Peter Regin wins face-off versus Owen Nolan in Flames zone.
15:55 of 3rd period - Wrist shot by David Backes.
15:55 of 3rd period - Shot Misses the Net.
15:57 of 3rd period - Snap shot by Rob Blake.
15:57 of 3rd period - Shot Hit the Post.
16:31 of 3rd period - Snap shot by Rob Blake.
16:31 of 3rd period - Deflect By Patrick Kane.
16:31 of 3rd period - Stopped by Marty Turco with a rebound.
16:56 of 3rd period - Icing by Steve Eminger.
16:57 of 3rd period - Jason Blake wins face-off versus Alexander Semin in Flames zone.
17:00 of 3rd period - Snap shot by Alex Tanguay.
17:00 of 3rd period - Stopped by Craig Anderson with a rebound.
17:23 of 3rd period - Snap shot by Steve Sullivan.
17:23 of 3rd period - Shot Misses the Net.
18:38 of 3rd period - Dennis Wideman is hit by Petr Schastlivy and loses puck.
19:10 of 3rd period - Jeff Finger is hit by Eric Staal and loses puck.
19:19 of 3rd period - Flames, Craig Anderson is pulled from the net.
19:37 of 3rd period - Snap shot by Eric Staal.
19:37 of 3rd period - Stopped by Marty Turco with a rebound.
19:39 of 3rd period - Wrist shot by Steve Eminger.
19:39 of 3rd period - Stopped by Marty Turco without a rebound.
19:40 of 3rd period - Lindy Ruff call a timeout for Flames.
19:40 of 3rd period - Evgeni Malkin wins face-off versus Eric Staal in Capitals zone.
19:51 of 3rd period - Evgeni Malkin is hit by Steve Eminger.
Output by the SimonT Hockey Simulator (STHS) for François Prévost -- Original Page W3C XHTML 1.0 Valid